 Dungeon Crawl Stone Soup version 0.30-a0-122-g2a1322497e (webtiles) character file.

Game seed: 6967828243338385499

28 KittyKat the Grave Robber (level 3, 24/24 HPs)
             Began as a Demonspawn Necromancer on Sept 15, 2022.
             Got out of the dungeon alive.
             The game lasted 00:02:58 (1017 turns).

KittyKat the Grave Robber (Demonspawn Necromancer)  Turns: 1017, Time: 00:02:59

Health: 24/24      AC:  6    Str:  8    XL:     3   Next: 0%
Magic:  6/6        EV: 12    Int: 18    God:
Gold:   44         SH:  0    Dex: 13    Spells: 5/6 levels left

rFire   . . .      SeeInvis .    d - +0 dagger
rCold   . . .      Faith    .    (no shield)
rNeg    . . .      Spirit   .    a - +0 robe
rPois   .          Reflect  .    (helmet restricted)
rElec   .          Harm     .    (no cloak)
rCorr   .          Rampage  .    (no gloves)
Will    .....                    (no boots)
Stlth   ++........               (no amulet)
HPRegen 0.08/turn                l - +4 ring of protection
MPRegen 0.10/turn                (no ring)

@: no status effects
A: antennae 1, demonic guardian 1
a: no special abilities


You escaped.
You visited 1 branch of the dungeon, and saw 2 of its levels.

You collected 44 gold pieces.

Inventory:

Hand Weapons
 d - a +0 dagger (weapon)
Armour
 a - a +0 robe (worn)
Jewellery
 l - a +4 ring of protection (left hand)
Scrolls
 g - a scroll of acquirement {unknown}
 h - a scroll of amnesia {unknown}
 i - 2 scrolls of teleportation {unknown}
 m - a scroll of identify {unknown}
Potions
 b - a potion of magic
 c - a potion of mutation {unknown}
 e - 2 potions of berserk rage {unknown}
 f - a potion of might {unknown}
 j - 3 potions of curing {unknown}
 k - a potion of cancellation {unknown}
 n - a potion of resistance {unknown}


   Skills:
 + Level 2.1 Dodging
 - Level 1.7 Stealth
 + Level 2.3 Spellcasting
 * Level 5.0 Necromancy


You had 5 spell levels left.
You knew the following spells:

 Your Spells              Type           Power      Damage    Failure   Level
a - Necrotise             Necr           80%        1d8       2%          1

Your spell library contained the following spells:

 Spells                   Type           Power      Damage    Failure   Level
 Vampiric Draining        Necr           20%        2d7       7%          3
 Animate Dead             Necr           20%        N/A       22%         4
 Agony                    Necr           20%        N/A       52%         5


Dungeon Overview and Level Annotations

Branches:
Dungeon (2/15)

Altars:


Innate Abilities, Weirdness & Mutations

You have a pair of small antennae on your head.
A weak demonic guardian rushes to your aid.


Message History

Done exploring.
You see here a +0 falchion.
There is a stone staircase leading down here.
You climb downwards.
Found a scroll labelled EREUNU ALYLEKU.
There is a stone staircase leading up here.
Found a glowing emerald potion and a fuming inky potion.
m - a scroll labelled EREUNU ALYLEKU
n - a glowing emerald potion
j - 3 fuming inky potions (gained 1)
Found a stone staircase leading up.
A bat comes into view.
The bat hits you but does no damage.
Casting: Necrotise (safe; 2% risk of failure)
Confirm with . or Enter, or press ? or * to list all spells.
Aiming: Necrotise (safe; 2% risk of failure)
Press: ? - help, Shift-Dir - straight line, f - bat
Aim: a bat (chance to affect: 87%)
The bat writhes in agony.
You kill the bat!
The dead are flying!
You have reached level 3!
Your experience leads to an increase in your attributes!
Increase (S)trength, (I)ntelligence, or (D)exterity?
You feel clever. x2
You feel monstrous as your demonic heritage exerts itself.
Your demonic ancestry asserts itself...
A pair of antennae grows on your head!
You swap places.
There is a stone staircase leading up here.
You climb upwards.
Your mindless puppet stays behind to rot.
There is a stone staircase leading down here.
There is an open gate here.
There is an open door here.
There is an open door here.
There is an open door here.
There is a staircase leading out of the dungeon here.
Are you sure you want to leave the Dungeon?
This will make you lose the game!
You have escaped!

###############.............##
##.............#### ####
#.................. ...########
##...........)...###
##........####................[..
##...........................####
#.##################..........#..
#.#...~~~~...#.....#..........#.#
#.#..........#..@..#.............
.8#....~~....#.....#..........#.#
..'..........#####'#....####).#.P
..'..........'.♣♣#.#....# #..#.#
..'...§......#♣.♣#.#....# #..PPP
.8#...§§§....#♣.♣#.#....####..#.#
###..........#♣♣.'.#....##....#..
.##...§≈≈≈...# ♣♣#♣#.......#.####
..##################.....###.....


There were no monsters in sight!

Vanquished Creatures
  2 dart slugs (D:1)
  4 bats
  3 endoplasms (D:1)
  A giant cockroach (D:1)
  A hobgoblin (D:1)
  2 kobolds (D:1)
  2 ball pythons (D:1)
  4 frilled lizards (D:1)
  A rat (D:1)
20 creatures vanquished.

Vanquished Creatures (collateral kills)
  An endoplasm (D:1)
  A goblin (D:1)
  A rat (D:1)
3 creatures vanquished.

Grand Total: 23 creatures vanquished

Notes
Turn   | Place    | Note
-------+----------+-------------------------------------------
     0 | D:1      | KittyKat the Demonspawn Necromancer began the quest for the
                  | Orb.
     0 | D:1      | Reached XP level 1. HP: 13/13 MP: 3/3
   211 | D:1      | Gained mutation: A weak demonic guardian rushes to your
                  | aid. [demonic ancestry]
   211 | D:1      | Reached XP level 2. HP: 7/19 MP: 0/5
   622 | D:1      | Found a faded altar of an unknown god.
   813 | D:1      | Reached skill level 5 in Necromancy
   967 | D:2      | Discovered your monstrous ancestry.
   967 | D:2      | Gained mutation: You have a pair of small antennae on your
                  | head. [demonic ancestry]
   967 | D:2      | Reached XP level 3. HP: 24/24 MP: 4/6
  1017 | D:$      | Got out of the dungeon alive.

Illustrated notes

Levels and vault maps discovered:
D:1:      scummos_arrival_gate, layout_rooms,
          shapermc_ecumenical_altar_mp_urbaneastern
D:2:      layout_loops_ring, basic_altar, palyth_stone_intersect,
          kennysheep_cross_bottleneck, uniq_sigmund

Skill      XL: |  1  2 |
---------------+-------+-----
Dodging        | 2 |  2.1
Necromancy     | 5 |  5.0
Stealth        | |  1.7
Spellcasting   | |  2.3

Action                   || total
-------------------------++-------
Melee: Dagger            ||    10
 Cast: Necrotise         ||    28
Armor: Robe              ||     4
Dodge: Dodged            ||     7

Table legend: (Time is in decaauts)
 A = Elapsed time spent in this place.
 B = Non-inter-level travel time spent in this place.
 C = Inter-level travel time spent in this place.
 D = Time resting spent in this place.
 E = Time spent auto-exploring this place.
 F = Levels seen in this place.
 G = Mean time per level.
                   A        B        C        D        E       F      G
               +--------+--------+--------+--------+--------+-----+--------+
         Total |   1016 |   1016 |      0 |    285 |    377 |   2 |  508.0 |
       Dungeon |   1016 |   1016 |      0 |    285 |    377 |   2 |  508.0 |
               +--------+--------+--------+--------+--------+-----+--------+

Top non-repeatable levels by time:
     D:1: 948 daAuts
     D:2: 67 daAuts
